 Dungeon Crawl Stone Soup version 0.23.2-1-ga50397a (webtiles) character file.

Game seed: 15399498543975788522

296 dvd the Firebug (level 6, 0/36 HPs)
             Began as an Octopode Fire Elementalist on May 22, 2019.
             Slain by an orc priest
             ... wielding a +0 short sword
              (3 damage)
             ... on level 4 of the Dungeon.
             The game lasted 00:08:49 (3830 turns).

dvd the Firebug (Octopode Fire Elementalist)        Turns: 3830, Time: 00:08:51

Health: 0/36       AC:  1    Str:  8    XL:     6   Next: 35%
Magic:  6/10       EV: 13    Int: 19    God:
Gold:   150        SH:  0    Dex: 12    Spells: 4/11 levels left

rFire    . . .     SeeInvis .   a - +2 short sword (venom)
rCold    . . .     Gourm    .   (no shield)
rNeg     . . .     Faith    .   (helmet restricted)
rPois    .         Spirit   .   (no amulet)
rElec    .         Reflect  .   (no ring)
rCorr    .         Harm     .   (no ring)
MR       .....                  (no ring)
Stlth    +++.......             (no ring)
HPRegen  0.12/turn              (no ring)
MPRegen  0.12/turn              (no ring)
                                (no ring)
                                (no ring)

@: very slightly contaminated
A: almost no armour, stealthy swim, amphibious, 8 rings, constrict 8, camouflage
1, gelatinous body 1
a: no special abilities


You were on level 4 of the Dungeon.
You were hungry.

You visited 1 branch of the dungeon, and saw 4 of its levels.

You collected 150 gold pieces.

Inventory:

Hand Weapons
 a - a +2 short sword of venom (weapon)
 f - a +0 short sword
 q - a +0 war axe
Wands
 i - a wand of enslavement (12)
Scrolls
 c - 3 scrolls of teleportation
 d - 2 scrolls of identify
 e - a scroll of fog {unknown}
 g - a scroll of magic mapping {unknown}
 j - 3 scrolls of remove curse
 l - a scroll of immolation {unknown}
Potions
 b - a potion of ambrosia {unknown}
 h - 2 potions of brilliance {unknown}
 k - a potion of curing
 m - a potion of might {unknown}
 n - 2 potions of berserk rage {unknown}
 o - a potion of mutation {unknown}
 r - a potion of degeneration {unknown}
Comestibles
 p - a ration


   Skills:
 + Level 0.2 Fighting
 + Level 0.4 Short Blades
 + Level 2.3 Dodging
 + Level 3.7 Stealth
 + Level 3.0 Spellcasting
 + Level 2.3 Conjurations
 * Level 5.4 Fire Magic


You had 4 spell levels left.
You knew the following spells:

 Your Spells              Type           Power        Failure   Level  Hunger
a - Flame Tongue          Conj/Fire      ###..        3%          1    None
b - Throw Flame           Conj/Fire      ###...       4%          2    ##.....
c - Sticky Flame          Conj/Fire      ###.....     30%         4    ####...

Your spell library contained the following spells:

 Spells                   Type           Power        Failure   Level  Hunger
 Conjure Flame            Conj/Fire      ###.....     10%         3    ###....
 Inner Flame              Hex/Fire       ##......     16%         3    ###....
 Fireball                 Conj/Fire      ###.......   65%         5    ######.


Dungeon Overview and Level Annotations

Branches:
Dungeon (4/15)
 Temple: D:4-7

Altars:
Fedhas
Sif Muna


Innate Abilities, Weirdness & Mutations

You cannot wear most types of armour.
You are very stealthy in the water. (Stealth+)
You are amphibious.
You can wear up to eight rings at the same time.
You can use your tentacles to constrict eight enemies at once.
Your skin changes colour to match your surroundings (Stealth+).
Your rubbery body absorbs attacks. (AC +1, EV +1)


Message History

* * * LOW HITPOINT WARNING * * *
Unknown command.
You feel better.
You constrict the orc. The orc hits you with a +0 dagger.
* * * LOW HITPOINT WARNING * * *
The orc hits you from afar with a +0 trident.
* * * LOW HITPOINT WARNING * * *
The orc priest closely misses you. The orc barely misses you.
Unknown command.
Casting: Flame Tongue (safe; 3% risk of failure)
Confirm with . or Enter, or press ? or * to list all spells.
Aiming: Flame Tongue (safe; 3% risk of failure)
Press: ? - help, Shift-Dir - straight line, f/p - orc priest
Aim: an orc priest, wielding a +0 short sword (moderately wounded, poisoned)
The flame tongue hits the orc priest!
The orc priest is almost dead.
You constrict the orc. The orc hits you with a +0 dagger.
* * * LOW HITPOINT WARNING * * *
The orc barely misses you. x2
The orc priest hits you with a +0 short sword.
You die...

#.......#####
#...........
+...........
#........... #......)..
#......o# #....ooo#
##.....@.# #........##
#.............
#............. ...
#..............
....#######.......##....
....##...##.......# ##+#
....##...##.......#
....##.............#


You could see an orc priest and 3 orcs.

Vanquished Creatures
  3 orc priests (D:3)
  An orc wizard (D:3)
  Jessica (D:3)
  Natasha (thrice) (D:3)
  2 adders (D:3)
  2 worms (D:2)
  A leopard gecko (D:3)
  9 orcs
  5 goblins
  5 hobgoblins
  3 jackals
  6 kobolds
  4 bats
  5 frilled lizards
  4 rats
54 creatures vanquished.

Notes
Turn   | Place    | Note
-------+----------+-------------------------------------------
     0 | D:1      | dvd the Octopode Fire Elementalist began the quest for the
                  | Orb.
     0 | D:1      | Reached XP level 1. HP: 11/11 MP: 3/3
   299 | D:1      | Reached XP level 2. HP: 17/17 MP: 3/5
   467 | D:1      | Learned a level 2 spell: Throw Flame
  1328 | D:2      | Reached XP level 3. HP: 21/21 MP: 3/6
  1393 | D:2      | Found a blossoming altar of Fedhas.
  1888 | D:3      | Reached skill level 4 in Fire Magic
  1888 | D:3      | Reached XP level 4. HP: 20/27 MP: 0/7
  2012 | D:3      | Found a deep blue altar of Sif Muna.
  2197 | D:3      | Learned a level 4 spell: Sticky Flame
  2261 | D:3      | Noticed Jessica
  2267 | D:3      | Killed Jessica
  2287 | D:3      | Noticed Natasha
  2293 | D:3      | Killed Natasha
  2293 | D:3      | Reached XP level 5. HP: 31/31 MP: 5/9
  2309 | D:3      | Noticed Natasha
  2537 | D:3      | Killed Natasha
  2693 | D:3      | Reached skill level 5 in Fire Magic
  2883 | D:3      | Noticed Natasha
  2982 | D:3      | Killed Natasha
  2982 | D:3      | Reached XP level 6. HP: 30/36 MP: 0/10
  3830 | D:4      | Slain by an orc priest

Skill      XL: |  1  2  3  4  5  6 |
---------------+-------------------+-----
Stealth        | 3 |  3.7
Fire Magic     | 4 5 |  5.4
Conjurations   | 2 |  2.3
Spellcasting   | 3 |  3.0
Fighting       | |  0.2
Short Blades   | |  0.4
Dodging        | |  2.3

Action                   |  1- 3 |  4- 6 || total
-------------------------+-------+-------++-------
Melee: Hand axe          |     5 |       ||     5
       Constrict         |     4 |     5 ||     9
       Tentacles         |     1 |     1 ||     2
       Short sword       |     5 |     8 ||    13
 Cast: Flame Tongue      |    49 |    43 ||    92
       Throw Flame       |     5 |    23 ||    28
  Use: Scroll            |     3 |       ||     3
       Potion            |       |     1 ||     1
 Stab: Sleeping          |     1 |     1 ||     2
  Eat: Chunk             |     2 |     8 ||    10
Armor: Skin              |     1 |       ||     1
Dodge: Dodged            |     6 |    18 ||    24
